 Dungeon Crawl Stone Soup version 0.28.0 (webtiles) character file.

Game seed: 2738880468308525926

2788 AmazingTV the Fighter (level 9, -7/82 HPs)
             Began as a Minotaur Fighter on July 1, 2022.
             Was a Priest of Okawaru.
             Mangled by a two-headed ogre (23 damage)
             ... on level 7 of the Dungeon.
             The game lasted 00:27:29 (10987 turns).

AmazingTV the Fighter (Minotaur Fighter)           Turns: 10987, Time: 00:27:29

Health: -7/82      AC: 13    Str: 26    XL:     9   Next: 43%
Magic:  10/11      EV: 10    Int:  5    God:    Okawaru [***...]
Gold:   343        SH: 12    Dex: 13    Spells: 8/8 levels left

rFire   . . .      SeeInvis .   a - +0 war axe {axe}
rCold   . . .      Faith    .   n - +0 kite shield
rNeg    . . .      Spirit   .   w - +1 chain mail of Heclalos {Will+ Str+4}
rPois   .          Reflect  .   (helmet restricted)
rElec   .          Harm     .   (no cloak)
rCorr   .          Rampage  .   (no gloves)
Will    ++...                   (no boots)
Stlth   ..........              (no amulet)
HPRegen 0.23/turn               o - ring of willpower
MPRegen 0.12/turn               (no ring)

@: heroic, marked
A: horns 2, retaliatory headbutt
a: Renounce Religion, Heroism


You were on level 7 of the Dungeon.
You worshipped Okawaru.
Okawaru was most pleased with you.
You visited 2 branches of the dungeon, and saw 9 of its levels.

You collected 373 gold pieces.
You spent 30 gold pieces at shops.


Innate Abilities, Weirdness & Mutations

You have a pair of horns on your head.
You reflexively headbutt those who attack you in melee.


   Skills:
 + Level 8.5(13.5) Fighting
 + Level 8.1(13.1) Axes
 + Level 8.5(13.5) Armour
 + Level 7.0(12.0) Shields
 + Level 4.2 Invocations


You had 8 spell levels left.
You didn't know any spells.
Your spell library contained the following spells:

 Spells                   Type           Power      Damage    Failure   Level
 Scorch                   Fire           0%         2d5       100%        2
 Static Discharge         Conj/Air       0%         N/A       100%        2
 Dazzling Flash           Conj/Hex       0%         N/A       100%        3
 Dispel Undead            Necr           0%         3d6       100%        4
 Flame Wave               Conj/Fire      0%         2d4       100%        4
 Sticky Flame             Conj/Fire      0%         2d3       100%        4
 Agony                    Necr           0%         N/A       100%        5
 Silence                  Hex/Air        0%         N/A       100%        5
 Summon Cactus Giant      Summ           Unusable   N/A       N/A         6

Inventory:

Hand Weapons
 a - a +0 war axe (weapon) {axe}
 b - a +0 mace of protection {mace}
   (You took it off an orc on level 5 of the Dungeon)
 k - a +2 dagger of protection {short}
   (You found it on level 2 of the Dungeon)
 s - a +0 dagger of venom {short}
   (You took it off a goblin on level 3 of the Dungeon)
 t - a +1 spear of pain {polearm}
   (You took it off a gnoll on level 6 of the Dungeon)
 u - a +0 halberd {polearm}
   (You took it off a gnoll on level 4 of the Dungeon)
 v - a +4 spear of flaming {polearm}
   (You took it off a gnoll sergeant on level 6 of the Dungeon)
 D - a +3 dagger {short}
   (You took it off an orc wizard on level 5 of the Dungeon)
 N - a +2 dagger of venom {short}
   (You took it off Dowan on level 7 of the Dungeon)
Missiles
 g - 195 stones (quivered)
 q - 21 bolts
 x - 4 atropa-tipped darts
 y - 19 arrows
 F - 7 poisoned darts
 G - 2 throwing nets {=f!f}
 I - 2 boomerangs
 M - 6 sling bullets
 P - 2 curare-tipped darts {=f}
Armour
 c - a +0 buckler
 n - a +0 kite shield (worn)
   (You found it on level 2 of the Dungeon)
 w - the +1 chain mail of Heclalos (worn) {Will+ Str+4}
   (You found it on level 4 of the Dungeon)

   Str:       It affects your strength (+4).
   Will:      It increases your willpower.
 z - a +1 leather armour of willpower
   (You took it off an orc on level 5 of the Dungeon)
 E - a +2 ring mail of cold resistance
   (You took it off an orc on level 5 of the Dungeon)
 J - an orb of guile
   (You found it on level 7 of the Dungeon)
Magical Staves
 j - a staff of air {!astaff}
   (You found it on level 2 of the Dungeon)
Jewellery
 o - a ring of willpower (left hand)
   (You found it on level 2 of the Dungeon)
Wands
 l - a wand of polymorph (22)
   (You found it on level 2 of the Dungeon)
 C - a wand of paralysis (7)
   (You found it on level 5 of the Dungeon)
 K - a wand of flame (6)
   (You found it on level 7 of the Dungeon)
 Q - a wand of charming (5)
   (You found it on level 7 of the Dungeon)
Scrolls
 i - 5 scrolls of teleportation {@r4}
 p - a scroll of fog {unknown}
 r - a scroll of noise {unknown}
 A - a scroll of acquirement {unknown}
 B - a scroll of amnesia {unknown}
 H - 2 scrolls of vulnerability {unknown}
 O - 2 scrolls of identify {@r1}
 R - a scroll of holy word {unknown}
Potions
 d - a potion of might
 e - a potion of curing {@q1}
 f - 2 potions of resistance
 h - a potion of invisibility
 m - 2 potions of haste {@q3}
 L - a potion of attraction {unknown}

Dungeon Overview and Level Annotations

Branches:
Dungeon (8/15)             Temple (1/1) D:7
   Lair: D:8-11

Altars:
Ashenzari
Cheibriados
Dithmenos
Elyvilon
Fedhas
Gozag
Makhleb
Nemelex Xobeh
Okawaru
Qazlal
Ru
Sif Muna
Vehumet
Wu Jian
Xom
Yredelemnul
The Shining One

Shops:
D:1 (::   D:5 **

Annotations:
D:8 Erica, Maggie

....# #.# ##.#.## ..###
#.# ##.## >.# #.#
#.######## ..# #.#
#........# #.# #.#####
########.# #.# #.....# #.#
#.##############y# #.#
#.#.........# #O# ######.#
>.#.#######.# #@# #......#
..#.## #.# #.# #.######
...#.## #.# #.# #.#
[.###.### #.# #.# #.# .##
##..# #.# #.#######.#
#.###.#.###.####.........#
##.#...b.........#########
##......b##.####.#
.....#b#.##.# #.#
###########


You could see a two-headed ogre and a killer bee.


Message History

The two-headed ogre hits you with a +0 giant club!
The killer bee stings you but does no damage.
The two-headed ogre completely misses you.
You block the two-headed ogre's attack.
There is a stone staircase leading up, spattered with blood here. 😮 HP[-22]
You take 22 damage, and now have 60/82 hp.
MASSIVE DAMAGE!! (PAUSE)
The killer bee barely misses you.
The killer bee stings you but does no damage.
You climb upwards.
There is a stone staircase leading down here. 😮 HP[+1]
You block the two-headed ogre's attack.
The two-headed ogre hits you with a +0 giant club!
You block the killer bee's attack.
You see here a wyvern corpse. 😮 HP[-14]
You take 14 damage, and now have 47/82 hp.
The killer bee stings you but does no damage.
You closely miss the killer bee. Your headbutt misses the killer bee.
You block the killer bee's attack.
The killer bee stings you but does no damage.
You slash the two-headed ogre! 😮 HP[+1]
You barely miss the two-headed ogre. You block the two-headed ogre's attack.
The two-headed ogre barely misses you.
You hit the two-headed ogre. You headbutt the two-headed ogre!
The two-headed ogre hits you with a +0 giant spiked club!
* * * LOW HITPOINT WARNING * * *
The two-headed ogre hits you with a +0 giant club!
* * * LOW HITPOINT WARNING * * *
😨 HP[-20]
You take 20 damage, and now have 28/82 hp.
MASSIVE DAMAGE!! (PAUSE) 😨 HP[+1] 😨 HP[+1] 😨 HP[+1]
The killer bee barely misses you. You block the killer bee's attack.
The killer bee barely misses you.
You block the killer bee's attack. 😨 HP[+1]
You block the killer bee's attack. You block the killer bee's attack.
The killer bee stings you.
* * * LOW HITPOINT WARNING * * *
😨 HP[-5]
You take 5 damage, and now have 27/82 hp.
You block the killer bee's attack. 😨 HP[+1]
You block the killer bee's attack.
Really walk onto that alarm trap?
You set off the alarm!
The alarm trap emits a blaring wail!
A sentinel's mark forms upon you.
The killer bee stings you but does no damage.
The killer bee stings you but does no damage.
You block the killer bee's attack. 😨 HP[+1]
The killer bee stings you.
* * * LOW HITPOINT WARNING * * *
You are poisoned.
The killer bee poisons you! 😨 HP[-2]
You take 2 damage, and now have 27/82 hp.
You gain the combat prowess of a mighty hero.
You feel very sick. The killer bee stings you.
* * * LOW HITPOINT WARNING * * *
You are more poisoned.
The killer bee poisons you! The killer bee closely misses you.
You furiously retaliate!
You headbutt the killer bee! 😱 HP[-8] MP[-2]
You take 8 damage, and now have 19/82 hp.
You lost 2 mp, and now have 9/11 mp.
You barely miss the killer bee.
* * * LOW HITPOINT WARNING * * *
You feel very sick. The killer bee stings you.
* * * LOW HITPOINT WARNING * * *
😱 HP[-8]
You take 8 damage, and now have 11/82 hp.
You feel better. 😱 HP[+6]
You regained 6 hp, and now have 17/82 hp. 😱 HP[+1] 😱 HP[+1] MP[+1]
You slash the two-headed ogre! The two-headed ogre barely misses you.
You block the two-headed ogre's attack.
You closely miss the two-headed ogre. You headbutt the two-headed ogre.
The two-headed ogre hits you with a +0 giant spiked club.
* * * LOW HITPOINT WARNING * * *
The two-headed ogre hits you with a +0 giant club!
* * * LOW HITPOINT WARNING * * *
😱 HP[-13]
You take 13 damage, and now have 6/82 hp.
You feel better. The two-headed ogre closely misses you.
The two-headed ogre hits you with a +0 giant club!!
You die...

Skill      XL: |  1  2  3  4  5  6  7  8  9 |
---------------+----------------------------+-----
Fighting       | 4 5 6 8 |  8.5
Shields        | 4 5 6 7 |  7.0
Axes           | 3 4 5 6 7 8 |  8.1
Armour         | 4 5 6 8 |  8.5
Invocations    | 3 4 |  4.2

Action                   |  1- 3 |  4- 6 |  7- 9 || total
-------------------------+-------+-------+-------++-------
Melee: War axe           |    91 |   114 |   234 ||   439
       Headbutt          |     8 |    12 |    39 ||    59
Invok: Heroism           |       |       |     2 ||     2
  Use: Scroll            |       |       |     5 ||     5
       Potion            |       |       |     3 ||     3
Armor: Scale mail        |    35 |    53 |    49 ||   137
       Chain mail        |       |       |    58 ||    58
Dodge: Dodged            |    52 |    68 |    68 ||   188
Block: Buckler           |    19 |    29 |    23 ||    71
       Kite shield       |       |       |    91 ||    91

Levels and vault maps discovered:
D:1:      dpeg_arrival_solitude, layout_loops_corners, serial_shops,
          nicolae_lakefront_shop, shop, shop
D:2:      layout_rooms, hellmonk_ecumenical_altar_zigzags
D:3:      layout_rooms, okawaru_trees_2, nicolae_wu_jian_glorious_leap,
          uniq_natasha
D:4:      layout_basic, slow_altar_2, mainiacjoe_overflow_paths, uniq_robin
D:5:      layout_basic, ashenzari_conservatory_becter, nicolae_specific_store,
          chequers_arboretum
D:6:      layout_loops_ring, patterned_corridor, uniq_menkaure
D:7:      layout_loops_ring, minmay_temple_entry_butterflies, serial_glass,
          glass_columns_a, glass_columns_a, uniq_duvessa
D:8:      layout_rooms, worldfamousw_hep_ancestral_shrine,
          grunt_temple_overflow_diamond, lair_entry_dummy, uniq_erica,
          uniq_joseph, uniq_maggie
Temple:   minmay_temple_bridge_abc

Notes
Turn   | Place    | Note
-------+----------+-------------------------------------------
     0 | D:1      | AmazingTV the Minotaur Fighter began the quest for the Orb.
     0 | D:1      | Reached XP level 1. HP: 19/19 MP: 0/0
     0 | D:1      | magus.rc [v1.9.6]
   140 | D:1      | Found Geoni's Book Shoppe.
   239 | D:1      | Found Ibudaduixt's Weapon Emporium.
   368 | D:1      | Reached XP level 2. HP: 27/27 MP: 1/1
   681 | D:1      | Reached skill level 4 in Fighting
   736 | D:1      | Reached skill level 4 in Shields
   740 | D:1      | Reached skill level 3 in Axes
   740 | D:1      | Reached skill level 4 in Armour
   775 | D:1      | Found Nazaebim's Book Emporium.
   821 | D:1      | Reached XP level 3. HP: 33/33 MP: 2/2
  1545 | D:2      | Found a faded altar of an unknown god.
  2011 | D:3      | Found an iron altar of Okawaru.
  2041 | D:3      | Became a worshipper of Warmaster Okawaru
  2059 | D:3      | Noticed Natasha
  2064 | D:3      | Killed Natasha
  2065 | D:3      | Reached XP level 4. HP: 20/41 MP: 3/3
  2068 | D:3      | HP: 8/41 [quokka (4)]
  2338 | D:3      | Noticed Natasha
  2345 | D:3      | Killed Natasha
  2469 | D:3      | Reached XP level 5. HP: 41/47 MP: 4/4
  2644 | D:3      | Noticed Natasha
  2657 | D:3      | Killed Natasha
  2865 | D:3      | Found an ornate altar of the Wu Jian Council.
  2874 | D:3      | Reached skill level 4 in Axes
  3389 | D:4      | Reached skill level 5 in Fighting
  3494 | D:4      | Noticed a phantom
  3503 | D:4      | Killed a phantom
  3503 | D:4      | Reached * piety under Okawaru
  3504 | D:4      | Reached skill level 5 in Armour
  3504 | D:4      | Reached skill level 5 in Shields
  3504 | D:4      | Reached XP level 6. HP: 45/56 MP: 5/5
  3595 | D:4      | Identified the +1 chain mail of Heclalos {Will+ Str+4}
  3631 | D:4      | Found a snail-covered altar of Cheibriados.
  3700 | D:4      | Noticed Robin
  3764 | D:4      | Killed Robin
  3798 | D:4      | Found a white marble altar of Elyvilon.
  3810 | D:4      | You pick up a book of Touch and begin reading...
  3810 | D:4      | You add the spells Static Discharge, Sticky Flame and
                  | Dispel Undead to your library.
  3834 | D:4      | You pick up a book of Scorching and begin reading...
  3834 | D:4      | You add the spells Scorch and Flame Wave to your library.
  4027 | D:5      | Entered Level 5 of the Dungeon
  4149 | D:5      | HP: 14/56 [orc wizard/puff of flame (10)]
  4154 | D:5      | HP: 9/56 [something/puff of flame (5)]
  4424 | D:5      | Noticed a sky beast
  4443 | D:5      | Killed a sky beast
  4444 | D:5      | Reached skill level 5 in Axes
  4507 | D:5      | Found Urynn's General Store.
  4512 | D:5      | Found Yclub's Specific Store.
  4521 | D:5      | Bought a scroll of teleportation for 30 gold pieces
  4625 | D:5      | Reached XP level 7. HP: 37/62 MP: 6/6
  4821 | D:5      | Reached skill level 6 in Fighting
  4821 | D:5      | Reached skill level 6 in Armour
  5010 | D:5      | Reached skill level 6 in Shields
  5157 | D:5      | Reached ** piety under Okawaru
  5263 | D:5      | HP: 11/63 [orc wizard/magic dart (6)]
  5692 | D:5      | Reached skill level 6 in Axes
  5930 | D:5      | Reached XP level 8. HP: 28/71 MP: 7/7
  6304 | D:5      | Found a broken altar of Ashenzari.
  6311 | D:5      | Reached skill level 1 in Invocations
  6563 | D:5      | Reached skill level 7 in Fighting
  6748 | D:5      | Reached skill level 7 in Armour
  7751 | D:6      | You pick up a book of the Senses and begin reading...
  7751 | D:6      | You add the spells Dazzling Flash, Agony and Silence to
                  | your library.
  7761 | D:6      | Reached skill level 2 in Invocations
  8214 | D:6      | Reached skill level 7 in Axes
  8489 | D:6      | Reached *** piety under Okawaru
  8490 | D:6      | Reached skill level 3 in Invocations
  8652 | D:6      | Noticed Menkaure
  8659 | D:6      | HP: 16/74 [??? (14)]
  8661 | D:6      | Killed Menkaure
  8662 | D:6      | Reached skill level 8 in Fighting
  8662 | D:6      | Reached skill level 8 in Armour
  8662 | D:6      | Reached XP level 9. HP: 18/81 MP: 10/10
  9530 | D:7      | Found a staircase to the Ecumenical Temple.
  9544 | Temple   | Entered the Ecumenical Temple
  9782 | D:7      | Noticed Duvessa
  9782 | D:7      | Noticed Dowan
  9795 | D:7      | Killed Duvessa
  9799 | D:7      | Killed Dowan
 10264 | D:7      | Reached skill level 4 in Invocations
 10510 | D:7      | Reached skill level 8 in Axes
 10542 | D:8      | Noticed Maggie
 10587 | D:8      | Noticed Erica
 10594 | D:8      | Noticed a two-headed ogre
 10823 | D:8      | Noticed a two-headed ogre
 10835 | D:7      | Reached skill level 7 in Shields
 10977 | D:7      | HP: 19/82 [killer bee (5)]
 10986 | D:7      | HP: 18/82 [two-headed ogre (1)]
 10986 | D:7      | HP: 6/82 [two-headed ogre (12)]
 10987 | D:7      | Mangled by a two-headed ogre

Vanquished Creatures
  A wyvern (D:7)
  Menkaure (D:6)
  Duvessa (D:7)
  A sky beast (D:5)
  2 necrophages
  3 ice beasts
  An ogre (D:6)
  5 phantoms
  2 bullfrogs
  3 scorpions
  A gnoll sergeant (D:6)
  Dowan (D:7)
  A bullfrog zombie (D:5)
  3 hounds (D:7)
  2 orc priests
  A jelly (D:6)
  2 centaur skeletons
  2 bullfrog skeletons
  4 iguanas (D:6)
  6 orc wizards (D:5)
  Natasha (thrice) (D:3)
  2 killer bee zombies
  Robin (D:4)
  7 gnolls
  6 adders
  A shadow imp (D:5)
  2 white imps (D:6)
  An ufetubus (D:6)
  6 worms
  3 dart slugs
  18 orcs
  8 ball pythons
  6 endoplasms
  6 giant cockroaches
  13 goblins
  7 hobgoblins
  4 jackals (D:1)
  3 quokkas
  3 bats
  4 frilled lizards
  3 kobolds
  4 rats
154 creatures vanquished.

Vanquished Creatures (others)
  A wight (D:8)
1 creature vanquished.

Grand Total: 155 creatures vanquished

Table legend:
 A = Non-vault XP
 B = Vault XP
 C = Vault XP percentage of total XP
 D = Non-vault monster count
 E = Vault monster count
 F = Vault count percentage of total count
                 A         B        C        D         E       F
            +---------+---------+-------+---------+---------+-------
      Total |    3537 |     447 |  11.2 |     138 |      17 |  11.0
            +---------+---------+-------+---------+---------+-------
        D:1 |      48 |       0 |   0.0 |      26 |       0 |   0.0
        D:2 |      18 |       0 |   0.0 |      10 |       0 |   0.0
        D:3 |     158 |      35 |  18.1 |      24 |       1 |   4.0
        D:4 |     158 |      40 |  20.2 |       8 |      13 |  61.9
        D:5 |    1204 |       0 |   0.0 |      33 |       0 |   0.0
        D:6 |    1209 |     165 |  12.0 |      22 |       1 |   4.3
        D:7 |     714 |     207 |  22.5 |      14 |       2 |  12.5
        D:8 |      28 |       0 |   0.0 |       1 |       0 |   0.0
            +---------+---------+-------+---------+---------+-------

Illustrated notes

Table legend:
 A = Kills in this place as a percentage of kills in entire the game.
 B = Kills by you in this place as a percentage of kills by you in the entire game.
 C = Kills by friends in this place as a percentage of kills by friends in the entire game.
 D = Other kills in this place as a percentage of other kills in the entire game.
 E = Experience gained in this place as a percentage of experience gained in the entire game.
 F = Experience gained in this place divided by the number of levels of this place that you have seen.
                   A       B       C       D       E      F
               +-------+-------+-------+-------+-------+----------------------
         Total | 100.0 | 100.0 |   N/A | 100.0 | 100.0 | 442.7
       Dungeon | 100.0 | 100.0 |   N/A | 100.0 | 100.0 | 498.0
               +-------+-------+-------+-------+-------+----------------------

Table legend: (Time is in decaauts)
 A = Elapsed time spent in this place.
 B = Non-inter-level travel time spent in this place.
 C = Inter-level travel time spent in this place.
 D = Time resting spent in this place.
 E = Time spent auto-exploring this place.
 F = Levels seen in this place.
 G = Mean time per level.
                   A        B        C        D        E       F      G
               +--------+--------+--------+--------+--------+-----+--------+
         Total |  11135 |   9661 |   1474 |   2793 |   5448 |   9 | 1237.2 |
       Dungeon |  10911 |   9461 |   1450 |   2793 |   5254 |   8 | 1363.9 |
        Temple |    223 |    199 |     24 |      0 |    194 |   1 |  223.0 |
               +--------+--------+--------+--------+--------+-----+--------+

Top non-repeatable levels by time:
     D:5: 2479 daAuts
     D:1: 1764 daAuts
     D:4: 1586 daAuts
     D:6: 1585 daAuts
     D:7: 1428 daAuts
     D:3: 1384 daAuts
     D:2: 644 daAuts
  Temple: 223 daAuts
     D:8: 38 daAuts
